 Dungeon Crawl Stone Soup version 0.21-a0-442-g848f44b (webtiles) character file.

212 slep the Slasher (level 5, 0/42 HPs)
             Began as a Demonspawn Monk on Nov 13, 2017.
             Was a Priest of Makhleb.
             Slain by Duvessa
             ... wielding a +0 short sword of protection
              (8 damage)
             ... on level 4 of the Dungeon on Nov 14, 2017.
             The game lasted 00:10:31 (2201 turns).

slep the Slasher (Demonspawn Monk)                  Turns: 2201, Time: 00:10:32

Health: 0/42       AC:  7    Str: 12    XL:     5   Next: 58%
Magic:  5/5        EV: 12    Int: 11    God:    Makhleb [***...]
Gold:   173        SH:  4    Dex: 16    Spells: 4/4 levels left

rFire    + . .     SeeInvis .   a - +0 falchion
rCold    + . .     Gourm    .   (no shield)
rNeg     . . .     Faith    .   d - +0 ring mail
rPois    +         Spirit   .   e - +0 helmet
rElec    +         Reflect  +   (no cloak)
rCorr    +         Harm     .   z - +0 pair of gloves
MR       .....                  (no boots)
Stlth    +.........             u - +4 amulet of reflection
HPRegen  0.14/turn              (no ring)
MPRegen  0.09/turn              (no ring)

@: resistant
A: talons 1, rot immunity
a: Minor Destruction, Lesser Servant of Makhleb, Renounce Religion


You were on level 4 of the Dungeon.
You worshipped Makhleb.
Makhleb was most pleased with you.
You were hungry.

You visited 1 branch of the dungeon, and saw 4 of its levels.

You collected 173 gold pieces.

Inventory:

Hand Weapons
 a - a +0 falchion (weapon)
Missiles
 v - 7 tomahawks (quivered)
Armour
 b - a +0 robe
 d - a +0 ring mail (worn)
 e - a +0 helmet (worn)
 z - a +0 pair of gloves (worn)
Jewellery
 u - a +4 amulet of reflection (around neck)
 B - an uncursed ring of fire
Scrolls
 g - 3 scrolls of remove curse {unknown}
 h - 3 scrolls of identify {unknown}
 i - a scroll of fog {unknown}
 k - 2 scrolls of amnesia {unknown}
 l - a scroll of fear {unknown}
 q - a scroll of enchant weapon {unknown}
 s - a scroll of teleportation {unknown}
 w - a scroll of immolation {unknown}
 y - a scroll of enchant armour {unknown}
Potions
 j - 2 potions of resistance
 m - a potion of ambrosia {unknown}
 n - 2 potions of curing {unknown}
 p - a potion of degeneration {unknown}
 r - a potion of haste {unknown}
 t - a potion of might {unknown}
Comestibles
 c - 2 bread rations
 o - 3 fruits
 x - 3 chunks of flesh
 A - a meat ration


   Skills:
 + Level 3.9 Fighting
 + Level 4.4 Long Blades
 + Level 1.5 Armour
 + Level 3.2 Dodging
 + Level 2.1 Stealth


You had 4 spell levels left.
You didn't know any spells.

Dungeon Overview and Level Annotations

Branches:
Dungeon (4/15)
 Temple: D:4-7

Altars:
Elyvilon
Hepliaklqana
Makhleb
Qazlal
Wu Jian
Yredelemnul
Zin

Annotations:
D:4 Dowan, Duvessa


Innate Abilities, Weirdness & Mutations

You have sharp toenails.
You are immune to rotting.


Message History

Duvessa is heavily wounded.
Dowan hits you but does no damage. You block Duvessa's attack.
You hit Duvessa but do no damage. You claw Duvessa, but do no damage.
Duvessa is heavily wounded.
Dowan closely misses you. Duvessa hits you but does no damage.
You hit Duvessa but do no damage. Your kick misses Duvessa.
Duvessa is heavily wounded.
Dowan hits you but does no damage.
Duvessa hits you with a short sword of protection!
* * * LOW HITPOINT WARNING * * *
You hit Duvessa but do no damage.
Duvessa is heavily wounded.
Dowan hits you with a dagger.
* * * LOW HITPOINT WARNING * * *
Duvessa barely misses you.
You hit Duvessa but do no damage. You claw Duvessa, but do no damage.
Duvessa is heavily wounded.
Dowan closely misses you.
Duvessa hits you with a short sword of protection!
You die...

## .. ..P .. #. P.♣
..# #.# ..♣ ...# .!
#♣♣.♣#... ###.
##.#.....# #...##
#.....# #e.# #..#.#
###.###@#####....#
.......e........##
.........##.....#
.........##.##..# .
.........##.##..# ..
.........##.....##.#
.........#...#.....#
..##...#.#.#.#..#.....
## #####...#.#..######


You could see Duvessa and Dowan.

Vanquished Creatures
  A scorpion (D:4)
  An orc priest (D:4)
  A hound skeleton (D:4)
  3 adders
  An ooze (D:3)
  2 worms (D:2)
  4 dart slugs
  3 leopard geckos
  5 orcs
  5 giant cockroaches
  9 goblins
  9 hobgoblins
  8 kobolds
  3 quokkas (D:2)
  3 bats
  4 frilled lizards
  6 rats
68 creatures vanquished.

Notes
Turn   | Place    | Note
-------+----------+-------------------------------------------
     0 | D:1      | slep the Demonspawn Monk began the quest for the Orb.
     0 | D:1      | Reached XP level 1. HP: 18/18 MP: 1/1
   218 | D:1      | Gained mutation: You are immune to rotting. [demonic ancestry]
   218 | D:1      | Reached XP level 2. HP: 24/24 MP: 2/2
   325 | D:1      | Reached skill level 3 in Long Blades
   603 | D:2      | Found a hazy altar of Hepliaklqana.
   603 | D:2      | Found a glowing silver altar of Zin.
   603 | D:2      | Found an ornate altar of the Wu Jian Council.
   604 | D:2      | Found a basalt altar of Yredelemnul.
   655 | D:2      | Reached XP level 3. HP: 22/29 MP: 3/3
   677 | D:2      | Found a stormy altar of Qazlal.
   679 | D:2      | Noticed an earth elemental
   679 | D:2      | Noticed an air elemental
   680 | D:2      | Noticed a fire elemental
   680 | D:2      | Noticed a water elemental
  1076 | D:2      | Found a faded altar of an unknown god.
  1110 | D:2      | Became a worshipper of Makhleb the Destroyer
  1110 | D:2      | Reached * piety under Makhleb
  1110 | D:2      | Reached ** piety under Makhleb
  1239 | D:2      | Gained mutation: You have sharp toenails. [demonic ancestry]
  1239 | D:2      | Reached XP level 4. HP: 7/36 MP: 4/4
  1591 | D:3      | Reached *** piety under Makhleb
  1630 | D:3      | Found a white marble altar of Elyvilon.
  2035 | D:3      | Reached skill level 1 in Armour
  2090 | D:4      | Reached skill level 4 in Long Blades
  2090 | D:4      | Reached XP level 5. HP: 42/42 MP: 5/5
  2156 | D:4      | Noticed Dowan
  2159 | D:4      | Noticed Duvessa
  2177 | D:4      | HP: 1/42 [Duvessa/short sword of protection (6)]
  2201 | D:4      | Slain by Duvessa

Vault maps used:
D:1:      dpeg_arrival_arbitrary_b
D:2:      nicolae_qazlal_style_of_elements,
          chequers_temple_overflow_statue_of_worship,
          chequers_ecumenical_altar_island
D:3:      cheibrodos_greedy_goblins, elyvilon_altar_4
D:4:      first_bread, serial_forest, infiniplex_forest_clump_diagonal,
          infiniplex_forest_corner_1, infiniplex_forest_end_double,
          infiniplex_forest_lined_1, gup_sewer_entry_spiral, uniq_eustachio,
          uniq_duvessa

Skill      XL: |  1  2  3  4 |
---------------+-------------+-----
Long Blades    | 3 4 |  4.4
Stealth        | 2 |  2.1
Dodging        | 3 |  3.2
Armour         | 1 |  1.5
Fighting       | |  3.9

Action                   |  1- 3 |  4- 6 || total
-------------------------+-------+-------++-------
Melee: Falchion          |   112 |   124 ||   236
       Kick              |       |    38 ||    38
  Use: Potion            |       |     3 ||     3
 Stab: Sleeping          |     1 |       ||     1
  Eat: Chunk             |     1 |     3 ||     4
Armor: Ring mail         |    34 |    42 ||    76
Dodge: Dodged            |    69 |    76 ||   145
Block: Other             |       |    15 ||    15
       Rpst.: Falchion   |    23 |    26 ||    49

Table legend:
 A = Spawn XP
 B = Non-spawn XP
 C = Spawn XP percentage of total XP
 D = Spawn monster count
 E = Non-spawn monster count
 F = Spawn count percentage of total count
 G = Total turns spent on level
                    A         B        C        D         E        F      G
               +---------+---------+-------+---------+---------+-------+---------
         Total |       0 |     303 |   0.0 |       0 |      68 |   0.0 |  2201
               +---------+---------+-------+---------+---------+-------+---------
           D:1 |       0 |      30 |   0.0 |       0 |      15 |   0.0 |   593
           D:2 |       0 |      69 |   0.0 |       0 |      23 |   0.0 |   950
           D:3 |       0 |      57 |   0.0 |       0 |      23 |   0.0 |   542
           D:4 |       0 |     147 |   0.0 |       0 |       7 |   0.0 |   116
               +---------+---------+-------+---------+---------+-------+---------
